 Dungeon Crawl Stone Soup version 0.20.1-1-g8b1a95d (webtiles) character file.

96 Monsterracer the Conjurer (level 4, 18/18 HPs)
             Began as a Felid Conjurer on Aug 25, 2017.
             Quit the game on level 3 of the Dungeon.
             The game lasted 00:09:52 (4276 turns).

Monsterracer the Conjurer (Felid Conjurer)          Turns: 4276, Time: 00:09:52

Health: 18/18      AC:  1    Str:  4    XL:     4   Next: 41%
Magic:  9/9        EV: 18    Int: 18    God:
Gold:   140        SH:  0    Dex: 16    Spells: 2/9 levels left
                                        Lives:  0   Deaths: 1

rFire    . . .     SeeInvis +   (weapon unavailable)
rCold    . . .     Gourm    .   (shield unavailable)
rNeg     . . .     Faith    .   (armour unavailable)
rPois    .         Spirit   .   (helmet unavailable)
rElec    .         Reflect  .   (cloak unavailable)
rCorr    .         Harm     .   (gloves unavailable)
MR       .....                  (boots unavailable)
Stlth    ++++......             (no amulet)
Regen    0.1/turn               l - ring of stealth
MPRegen  0.2/turn               (no ring)

@: quick
A: no armour, no weapons or thrown items, stealth, claws 1, fangs 3, see
invisible, carnivore 3, speed 1, shaggy fur 1, slow metabolism 1, sharp paws
a: no special abilities


You were on level 3 of the Dungeon.
You were not hungry.

You visited 1 branch of the dungeon, and saw 3 of its levels.

You collected 140 gold pieces.

Inventory:

Jewellery
 l - a ring of stealth (left paw)
Scrolls
 f - 2 scrolls of magic mapping {unknown}
 g - 2 scrolls of fog {unknown}
 h - a scroll of blinking {unknown}
 i - a scroll of noise {unknown}
 j - a scroll of recharging {unknown}
 n - a scroll of enchant armour {unknown}
 o - 2 scrolls of identify {unknown}
 r - 2 scrolls of remove curse {unknown}
Potions
 c - a potion of magic {unknown}
 d - a potion of degeneration {unknown}
 e - 3 potions of curing {unknown}
 k - a potion of haste {unknown}
 p - 2 potions of brilliance {unknown}
 q - a potion of might {unknown}
 s - a potion of lignification {unknown}
Books
 a - a book of Conjurations

   Spells                             Type                      Level
   a - Magic Dart                     Conjuration                  1
   b - Searing Ray                    Conjuration                  2
   c - Dazzling Spray                 Conjuration/Hexes            3
   d - Fulminant Prism                Conjuration/Hexes            4
   e - Force Lance                    Conjuration/Translocation    4
   f - Iskenderun's Mystic Blast      Conjuration                  4
Comestibles
 b - 3 meat rations
 m - a royal jelly


   Skills:
 - Level 2.6 Dodging
 - Level 2.9 Stealth
 + Level 3.2 Spellcasting
 * Level 5.5 Conjurations


You had 2 spell levels left.
You knew the following spells:

 Your Spells              Type           Power        Failure   Level  Hunger
a - Magic Dart            Conj           ###.         1%          1    None
b - Searing Ray           Conj           ###...       2%          2    ##.....
c - Iskenderun's Mystic   Conj           ###.....     16%         4    ####...


Dungeon Overview and Level Annotations

Branches:
Dungeon (3/15)

Altars:
Okawaru
Ru


Innate Abilities, Weirdness & Mutations

You cannot wear armour.
You are incapable of wielding weapons or throwing items.
Your paws allow you to move quietly. (Stealth)
You have sharp claws.
You have razor-sharp teeth.
You have supernaturally acute eyesight. (SInv)
You are carnivorous and can eat meat at any time.
You cover ground quickly.
You are covered in fur. (AC +1)
You have a slow metabolism.
Your sharp claws are effective at attacking unaware monsters.


Message History

The searing ray hits the orc warrior.
The orc warrior barely misses you.
The searing ray hits the orc warrior.
The orc warrior is moderately wounded.
You finish channeling your searing ray.
The orc warrior closely misses you.
Casting: Searing Ray
Confirm with . or Enter, or press ? or * to list all spells.
Aiming: Magic Dart
Press: ? - help, Shift-Dir - straight line, p - orc warrior The magic dart hits the orc.
The orc warrior hits you from afar with a halberd!!
Ouch! That really hurt!
* * * LOW HITPOINT WARNING * * *
Huge Dmg: -95%(-20hp) hp: 5%(1hp)
There is a stone staircase leading up here.
The orc warrior hits you from afar with a halberd.
You stop ascending the stairs.
You die...
You are now level 4!
You rejoin the land of the living...
Are you sure you want to abandon this character and quit the game? (Confirm with "yes".)

######### #### #.......# #..#
#.......# #..## #<......#
#...## ## #.......# #..<.###
#. #.......#########o...## #.
#...........@#####.o..######.
#.......####...........).....
#.......## ##########...###..
#....>...## #####.....%
#.........#### #..........
#########...(######..........
####.....##..........
#####)##....<.....
#.............


There were no monsters in sight!

Vanquished Creatures
  Crazy Yiuf (D:2)
  4 gnolls (D:2)
  4 adders
  2 worms
  A dart slug (D:2)
  A leopard gecko (D:1)
  3 orcs
  2 giant cockroaches (D:1)
  15 goblins
  5 hobgoblins
  7 jackals (D:3)
  7 kobolds
  A quokka (D:2)
  A ball python (D:2)
  14 bats
  6 frilled lizards
  A quokka skeleton (D:3)
  5 rats
  A fungus (D:2)
81 creatures vanquished.

Notes
Turn   | Place    | Note
-------+----------+-------------------------------------------
     0 | D:1      | Monsterracer the Felid Conjurer began the quest for the Orb.
     0 | D:1      | Reached XP level 1. HP: 7/7 MP: 4/4
   442 | D:1      | Reached skill level 4 in Conjurations
   442 | D:1      | Reached XP level 2. HP: 11/11 MP: 3/6
   447 | D:1      | Learned a level 2 spell: Searing Ray
   957 | D:2      | HP: 5/11 [kobold/club (6)]
  1092 | D:2      | Reached XP level 3. HP: 8/14 MP: 1/7
  1093 | D:2      | HP: 7/14 [poisoned by an adder]
  1100 | D:2      | HP: 5/14 [poisoned by an adder]
  1105 | D:2      | HP: 5/14 [poisoned by an adder]
  1112 | D:1      | HP: 3/14 [poisoned by an adder]
  2098 | D:2      | Found an iron altar of Okawaru.
  2318 | D:2      | Reached XP level 4. HP: 18/18 MP: 3/9
  2319 | D:2      | HP: 7/18 [gnoll/whip (11)]
  2326 | D:2      | Learned a level 4 spell: Iskenderun's Mystic Blast
  2723 | D:2      | Reached skill level 5 in Conjurations
  2907 | D:2      | Found a sacrificial altar of Ru.
  3070 | D:2      | Found a runed door.
  3074 | D:2      | Noticed Crazy Yiuf
  3081 | D:2      | Killed Crazy Yiuf
  3081 | D:2      | Reached XP level 5. HP: 21/21 MP: 1/10
  3762 | D:3      | Noticed an orc warrior
  4020 | D:3      | HP: 4/21 [orc warrior/halberd (17)]
  4271 | D:3      | HP: 1/21 [orc warrior/halberd (20)]
  4275 | D:3      | Slain by an orc warrior
  4276 | D:3      | Reached XP level 4. HP: 0/18 MP: 5/9
  4276 | D:3      | Quit the game

Skill      XL: |  1  2  3  4 |
---------------+-------------+-----
Conjurations   | 4 5 |  5.5
Spellcasting   | 3 |  3.2
Dodging        | |  2.6
Stealth        | |  2.9

Action                   |  1- 3 |  4- 6 || total
-------------------------+-------+-------++-------
Melee: Unarmed           |    12 |    59 ||    71
       Bite              |     1 |     9 ||    10
 Cast: Magic Dart        |    91 |    42 ||   133
       Searing Ray       |     2 |    15 ||    17
       Iskenderun's Myst |       |     2 ||     2
 Stab: Sleeping          |     1 |       ||     1
       Distracted        |       |     1 ||     1
  Eat: Chunk             |    11 |     4 ||    15
Armor: Skin              |     1 |       ||     1
Dodge: Dodged            |    31 |    44 ||    75
